 Dungeon Crawl Stone Soup version 0.31-a0-237-g2d982f9f85 (webtiles) character file.

Game seed: 4989123192425135672

50 qw the Shooter (level 3, -4/29 HPs)
             Began as a Minotaur Hexslinger on July 11, 2023.
             Slain by Terence
             ... wielding a +0 hand axe
              (8 damage)
             ... on level 2 of the Dungeon.
             The game lasted 00:00:26 (1175 turns).

qw the Shooter (Minotaur Hexslinger)                Turns: 1175, Time: 00:00:27

Health: -4/29      AC:  2    Str: 12    XL:     3   Next: 55%
Magic:  3/3        EV: 12    Int: 10    God:
Gold:   93         SH:  0    Dex: 14    Spells: 3/4 levels left

rFire   + . .        Y - +1 sling (freeze)
rCold   + . .        (no shield)
rNeg    . . .        c - +0 robe
rPois   .            (helmet restricted)
rElec   .            m - scarf {rC+ rF+}
rCorr   .            (no gloves)
SInv    .            (no boots)
Will    .....        (no amulet)
Stlth   +            (no ring)
HPRegen 0.24/turn    (no ring)
MPRegen 0.08/turn

%: no passive effects
@: no status effects
A: horns 2, retaliatory headbutt
a: no special abilities


You were on level 2 of the Dungeon.
You visited 1 branch of the dungeon, and saw 2 of its levels.

You collected 93 gold pieces.


Innate Abilities, Weirdness & Mutations

You have a pair of horns on your head.
You reflexively headbutt those who attack you in melee.


   Skills:
 - Level 2.0 Fighting
 + Level 4.1 Ranged Weapons
 - Level 2.1 Dodging
 - Level 1.0 Spellcasting
 - Level 2.0 Hexes


You had 3 spell levels left.
You knew the following spells:

 Your Spells              Type           Power      Damage    Failure   Level
a - Slow                  Hex            16%        N/A       16%         1

Your spell library contained the following spells:

 Spells                   Type           Power      Damage    Failure   Level
 Inner Flame              Hex/Fire       2%         N/A       56%         3
 Portal Projectile        Hex/Tloc       4%         N/A       56%         3
 Cause Fear               Hex            2%         N/A       83%         4

Inventory:

Hand Weapons
 Y - a +1 sling of freezing (weapon)
Armour
 b - a +0 ring mail
 c - a +0 robe (worn)
 d - a +3 ring mail
 m - a scarf of resistance (worn)
Jewellery
 o - a ring of fire
Scrolls
 a - a scroll of torment {unknown}
 e - a scroll of identify
Potions
 f - a potion of enlightenment {unknown}
 g - a potion of curing {unknown}
 h - a potion of haste {unknown}
 i - a potion of heal wounds {unknown}
 j - a potion of mutation {unknown}
 n - 2 potions of might
 p - a potion of attraction {unknown}

Dungeon Overview and Level Annotations

Branches:
Dungeon (2/15)

Altars:

Annotations:
D:2 Terence


Message History

Enter note: You shoot a sling bullet.
The sling bullet hits Terence.
The sling bullet freezes Terence.
Terence is lightly wounded.
You shoot a sling bullet.
The sling bullet hits Terence but does no damage.
Terence is lightly wounded.
You shoot a sling bullet.
The sling bullet hits Terence but does no damage.
Terence is lightly wounded.
Terence hits you with a +0 hand axe.
You shoot a sling bullet.
The sling bullet hits Terence but does no damage.
Terence is lightly wounded.
Terence hits you with a +0 hand axe.
You shoot a sling bullet.
The sling bullet hits Terence but does no damage.
Terence is lightly wounded.
Terence hits you with a +0 hand axe! Terence screams, "I want your blood!"
Terence misses you.
You shoot a sling bullet. The sling bullet hits Terence.
The sling bullet freezes Terence.
Terence is lightly wounded.
Terence hits you with a +0 hand axe.
You shoot a sling bullet. The sling bullet hits Terence.
The sling bullet freezes Terence.
Terence is moderately wounded.
Terence hits you with a +0 hand axe.
You shoot a sling bullet. The sling bullet barely misses Terence.
Terence hits you with a +0 hand axe.
You shoot a sling bullet.
The sling bullet hits Terence but does no damage.
Terence is moderately wounded.
Terence barely misses you.
You shoot a sling bullet. The sling bullet hits Terence.
The sling bullet freezes Terence.
Terence is heavily wounded.
Terence hits you with a +0 hand axe. Terence hits you with a +0 hand axe!
You die...

#. . .. .. #. . ##
#. .## ....# .#.# #
..# # ##+#
#.##@##.# ##...##
#...@...# #.....##
####.#### .......##
##.##.#
........####...#.#
........'........#
........####...#.#
.......###........#
#.....## #.####...#
##...## #. .###.#


You could see Terence.

Vanquished Creatures
  An adder (D:2)
  A worm (D:2)
  3 dart slugs
  4 ball pythons
  4 endoplasms
  3 hobgoblins
  5 kobolds
  A quokka (D:2)
  2 bats
  3 frilled lizards (D:2)
  3 goblins
  2 rats (D:1)
32 creatures vanquished.

Notes
Turn   | Place    | Note
-------+----------+-------------------------------------------
     0 | D:1      | qw the Minotaur Hexslinger began the quest for the Orb.
     0 | D:1      | Reached XP level 1. HP: 16/16 MP: 1/1
     0 | D:1      | 0 ||| qw: Version: 0.3-a-52-g30416fa
     0 | D:1      | 0 ||| qw: Game counter: 5407
     0 | D:1      | 0 ||| qw: Melee chars always use a shield: true
     0 | D:1      | 0 ||| qw: God list: Okawaru
     0 | D:1      | 0 ||| qw: Allow faded altars: false
     0 | D:1      | 0 ||| qw: Do Orc after clearing Dungeon:15 true
     0 | D:1      | 0 ||| qw: Do second Lair branch before Depths: true
     0 | D:1      | 0 ||| qw: Lair rune preference: random
     0 | D:1      | 0 ||| qw: Goals: Normal
     0 | D:1      | 0 ||| PLANNING D:1-11
   109 | D:1      | Reached skill level 3 in Ranged Weapons
   122 | D:1      | Reached XP level 2. HP: 23/23 MP: 2/2
   233 | D:1      | 233 ||| FLEEEEING.
   389 | D:1      | Found a faded altar of an unknown god.
   389 | D:1      | Noticed an Ice Fiend
   488 | D:1      | 488 ||| UPGRADING to scarf of resistance.
   493 | D:1      | 493 ||| READING scroll labelled OCLAPIFEOW.
   494 | D:1      | 494 ||| READING scroll labelled VORYUDA OMME.
   495 | D:1      | 495 ||| READING scroll labelled RAQIKHU PIEZERPHOWK.
   496 | D:1      | 496 ||| DRINKING 2 red potions.
   497 | D:1      | 497 ||| DRINKING 2 viscous white potions.
   498 | D:1      | 498 ||| DROPPING scroll of poison.
   499 | D:1      | 499 ||| DROPPING potion of magic.
   541 | D:2      | Reached XP level 3. HP: 29/29 MP: 3/3
   876 | D:2      | Reached skill level 4 in Ranged Weapons
  1165 | D:2      | Noticed Terence
  1173 | D:2      | HP: 6/29 [Terence/+0 hand axe (2)]
  1175 | D:2      | Slain by Terence

Levels and vault maps discovered:
D:1:      dpeg_arrival_windows_large_door, layout_rooms,
          dreamdust_ecumenical_altar_sealed_demon
D:2:      layout_loops_corners, uniq_terence

Skill      XL: |  1  2  3 |
---------------+----------+-----
Ranged Weapons | 3 4 |  4.1
Fighting       | 2 |  2.0
Dodging        | |  2.1
Spellcasting   | |  1.0
Hexes          | |  2.0

Action                     || total
---------------------------++-------
   Fire: Sling             ||    90
    Use: Scroll            ||     3
         Potion            ||     2
  Dodge: Dodged            ||     8

Table legend:
 A = Non-vault XP
 B = Vault XP
 C = Vault XP percentage of total XP
 D = Non-vault monster count
 E = Vault monster count
 F = Vault count percentage of total count
                 A         B        C        D         E       F
            +---------+---------+-------+---------+---------+-------
      Total |      72 |       0 |   0.0 |      32 |       0 |   0.0
            +---------+---------+-------+---------+---------+-------
        D:1 |      28 |       0 |   0.0 |      15 |       0 |   0.0
        D:2 |      44 |       0 |   0.0 |      17 |       0 |   0.0
            +---------+---------+-------+---------+---------+-------
